 Dungeon Crawl Stone Soup version 0.27-a0-1196-g3e9cee4cb2 (webtiles) character file.

Game seed: 4022095584414864000

189 funkygono the Firebug (level 5, 0/28 HPs)
             Began as a Gargoyle Fire Elementalist on May 29, 2021.
             Slain by Crazy Yiuf
             ... wielding a +3 quarterstaff of chaos
              (13 damage)
             ... on level 3 of the Dungeon.
             The game lasted 00:08:57 (4139 turns).

funkygono the Firebug (Gargoyle Fire Elementalist)  Turns: 4139, Time: 00:08:58

Health: 0/28       AC:  9    Str: 12    XL:     5   Next: 68%
Magic:  1/10       EV: 12    Int: 16    God:
Gold:   186        SH:  0    Dex: 10    Spells: 3/10 levels left

rFire    + . .     SeeInvis .   k - +0 whip
rCold    + . .     Faith    .   (no shield)
rNeg     + . .     Spirit   .   q - +2 robe {rC+ rF+}
rPois    ∞         Reflect  .   i - +0 helmet
rElec    +         Harm     .   (no cloak)
rCorr    .         Rampage  .   (no gloves)
Will     .....                  (no boots)
Stlth    ++........             (no amulet)
HPRegen  0.09/turn              m - ring of wizardry
MPRegen  0.12/turn              r - ring of wizardry

@: no status effects
A: sickness immunity, AC +4, negative energy resistance 1, electricity
resistance, torment resistance 1, petrification resistance
a: no special abilities


You were on level 3 of the Dungeon.
You visited 1 branch of the dungeon, and saw 3 of its levels.

You collected 186 gold pieces.

Inventory:

Hand Weapons
 d - a +0 club
 e - a +0 flail
 k - a +0 whip (weapon)
 n - a +2 vorpal long sword
Missiles
 b - 86 stones
Armour
 c - a +0 leather armour
 h - a +0 buckler
 i - a +0 helmet (worn)
 l - a +0 robe of fire resistance
 q - a +2 robe of resistance (worn)
Jewellery
 m - a ring of wizardry (left hand)
 r - a ring of wizardry (right hand)
Scrolls
 o - a scroll of teleportation
Potions
 a - a potion of invisibility {unknown}
 f - a potion of magic
 g - a potion of berserk rage
 j - a potion of haste
 p - a potion of degeneration {unknown}


   Skills:
 + Level 1.7 Dodging
 - Level 2.1 Stealth
 * Level 3.4 Spellcasting
 * Level 3.0 Conjurations
 * Level 4.4 Fire Magic
 * Level 0.3 Ice Magic


You had 3 spell levels left.
You knew the following spells:

 Your Spells              Type           Power      Damage    Failure   Level
a - Foxfire               Conj/Fire      56%        2x1d6     1%          1
b - Conjure Flame         Conj/Fire      14%        6-21      3%          3
c - Frozen Ramparts       Ice            6%         1d2       13%         3

Your spell library contained the following spells:

 Spells                   Type           Power      Damage    Failure   Level
 Freeze                   Ice            12%        1d4       4%          1
 Inner Flame              Hex/Fire       9%         N/A       6%          3
 Ozocubu's Armour         Ice            3%         N/A       13%         3
 Sticky Flame             Conj/Fire      14%        2d4       11%         4
 Hailstorm                Conj/Ice       8%         3d4       22%         4
 Fireball                 Conj/Fire      7%         3d5       26%         5
 Metabolic Englaciation   Hex/Ice        1%         N/A       71%         5


Dungeon Overview and Level Annotations

Branches:
Dungeon (3/15)

Altars:
Cheibriados
Sif Muna
Wu Jian

Shops:
D:3 [

Annotations:
D:3 Crazy Yiuf


Innate Abilities, Weirdness & Mutations

You are immune to sickness and miasma.
Your stone body is resilient. (AC +4)
You are immune to poison.
You resist negative energy. (rN+)
You are resistant to electric shocks. (rElec)
You are resistant to unholy torment.
You are immune to petrification.


Message History

Confirm with . or Enter, or press ? or * to list all spells.
You conjure some foxfire!
Crazy Yiuf completely misses you.
The foxfire hits Crazy Yiuf but does no damage.
Crazy Yiuf is heavily wounded.
The foxfire hits Crazy Yiuf.
Crazy Yiuf is heavily wounded.
Casting: Foxfire (safe; 1% risk of failure)
Confirm with . or Enter, or press ? or * to list all spells.
You conjure some foxfire!
Crazy Yiuf misses you.
The foxfire hits Crazy Yiuf but does no damage.
Crazy Yiuf is heavily wounded.
The foxfire hits Crazy Yiuf but does no damage.
Crazy Yiuf is heavily wounded.
Crazy Yiuf closely misses you.
Casting: Foxfire (safe; 1% risk of failure)
Confirm with . or Enter, or press ? or * to list all spells.
You conjure some foxfire!
Crazy Yiuf hits you with a +3 quarterstaff of chaos.
Casting: Foxfire (safe; 1% risk of failure)
Confirm with . or Enter, or press ? or * to list all spells.
You conjure some foxfire!
The foxfire hits Crazy Yiuf but does no damage.
Crazy Yiuf is heavily wounded.
The foxfire hits Crazy Yiuf but does no damage.
Crazy Yiuf is heavily wounded.
Crazy Yiuf misses you.
Casting: Foxfire (safe; 1% risk of failure)
Confirm with . or Enter, or press ? or * to list all spells.
You conjure some foxfire!
The foxfire hits Crazy Yiuf.
Crazy Yiuf is severely wounded.
The foxfire hits Crazy Yiuf but does no damage.
Crazy Yiuf is severely wounded.
Crazy Yiuf hits you with a +3 quarterstaff of chaos.
Casting: Foxfire (safe; 1% risk of failure)
Confirm with . or Enter, or press ? or * to list all spells.
You conjure some foxfire!
The foxfire hits Crazy Yiuf.
Crazy Yiuf is almost dead.
Crazy Yiuf cries, "You leg down broken song, no?"
Crazy Yiuf hits you with a +3 quarterstaff of chaos!
You die...

### #.. #.# ##### #..
##§v.##### #..
##..@v....#########..
#..gv####............
#....# ######.###.#.
#..P.# #.###.#)
#)..## #.##..#. ##)##
#.##.##. #)##
#.##.##. ##)#
#....... #)##
####.###


You could see Crazy Yiuf (ally target).

Vanquished Creatures
  A bullfrog skeleton (D:3)
  Jessica (D:3)
  Robin (D:2)
  2 adders (D:3)
  4 dart slugs
  An orc (D:3)
  3 endoplasms
  3 giant cockroaches (D:1)
  6 hobgoblins
  3 jackals (D:2)
  15 kobolds
  5 quokkas
  12 ball pythons
  6 bats
  3 frilled lizards (D:2)
  17 goblins
  13 rats
96 creatures vanquished.

Vanquished Creatures (collateral kills)
  7 foxfires (D:2)
7 creatures vanquished.

Vanquished Creatures (others)
  280 foxfires
  2 fungi (D:3)
  12 plants (D:2)
294 creatures vanquished.

Grand Total: 397 creatures vanquished

Notes
Turn   | Place    | Note
-------+----------+-------------------------------------------
     0 | D:1      | funkygono the Gargoyle Fire Elementalist began the quest
                  | for the Orb.
     0 | D:1      | Reached XP level 1. HP: 10/10 MP: 3/3
   340 | D:1      | Reached XP level 2. HP: 15/15 MP: 3/5
   792 | D:1      | Reached XP level 3. HP: 18/19 MP: 3/6
   826 | D:1      | Learned a level 3 spell: Conjure Flame
  1171 | D:1      | Found a faded altar of an unknown god.
  1373 | D:2      | Noticed Robin
  1809 | D:2      | Killed Robin
  1810 | D:2      | Reached XP level 4. HP: 24/24 MP: 1/7
  1811 | D:2      | Reached skill level 4 in Fire Magic
  2716 | D:2      | Learned a level 3 spell: Frozen Ramparts
  3376 | D:3      | Reached XP level 5. HP: 28/28 MP: 5/9
  3559 | D:3      | Found Xuneiden's Antique Armour Emporium.
  3623 | D:3      | Noticed Jessica
  3645 | D:3      | Killed Jessica
  3741 | D:3      | Found a shimmering blue altar of Sif Muna.
  3963 | D:3      | Found an ornate altar of the Wu Jian Council.
  3965 | D:3      | Found a snail-covered altar of Cheibriados.
  4117 | D:3      | Found a runed translucent door.
  4118 | D:3      | Noticed Crazy Yiuf
  4139 | D:3      | Slain by Crazy Yiuf

Illustrated notes

Levels and vault maps discovered:
D:1:      dpeg_arrival_arbitrary_c, layout_basic,
          shapermc_ecumenical_altar_mp_vishouse, chequers_serial_rivers_small_3
D:2:      layout_rooms, serial_rivers, chequers_serial_rivers_large_a,
          chequers_serial_rivers_micro_c, chequers_serial_rivers_small_3,
          chequers_serial_rivers_micro_e, chequers_serial_rivers_small_a,
          lexackson_kobold_supper, uniq_robin
D:3:      minmay_evil_eye, layout_loops_cross, jmf_multi_god_temple, tgw_sif,
          serial_shops, nicolae_shop_waterfront, uniq_crazy_yiuf_cottage

Skill      XL: |  1  2  3  4  5 |
---------------+----------------+-----
Conjurations   | 2 3 |  3.0
Fire Magic     | 4 |  4.4
Spellcasting   | 3 |  3.4
Dodging        | |  1.7
Stealth        | |  2.1
Ice Magic      | |  0.3

Action                   |  1- 3 |  4- 6 || total
-------------------------+-------+-------++-------
Melee: Club              |     3 |       ||     3
       Whip              |       |    45 ||    45
 Cast: Foxfire           |    65 |   103 ||   168
  Use: Scroll            |     3 |     2 ||     5
 Stab: Sleeping          |       |     1 ||     1
Armor: Robe              |    11 |    22 ||    33
Dodge: Dodged            |    16 |    44 ||    60

Table legend: (Time is in decaauts)
 A = Elapsed time spent in this place.
 B = Non-inter-level travel time spent in this place.
 C = Inter-level travel time spent in this place.
 D = Time resting spent in this place.
 E = Time spent auto-exploring this place.
 F = Levels seen in this place.
 G = Mean time per level.
                   A        B        C        D        E       F      G
               +--------+--------+--------+--------+--------+-----+--------+
         Total |   4165 |   4107 |     58 |     61 |   3254 |   3 | 1388.3 |
       Dungeon |   4165 |   4107 |     58 |     61 |   3254 |   3 | 1388.3 |
               +--------+--------+--------+--------+--------+-----+--------+

Top non-repeatable levels by time:
     D:2: 1496 daAuts
     D:1: 1431 daAuts
     D:3: 1237 daAuts
